 Dungeon Crawl Stone Soup version 0.30-a0-219-gf2db51d15e (webtiles) character file.

Game seed: 1034802851606332233

781 KennySheep the Trooper (level 7, -3/78 HPs)
             Began as an Ogre Fighter on Oct 8, 2022.
             Was a Believer of Dithmenos.
             Succumbed to a hornet's poison
             ... on level 5 of the Dungeon.
             The game lasted 00:16:44 (3972 turns).

KennySheep the Trooper (Ogre Fighter)               Turns: 3972, Time: 00:16:45

Health: -3/78      AC: 10    Str: 23    XL:     7   Next: 85%
Magic:  2/7        EV: 10    Int:  9    God:    Dithmenos [**....]
Gold:   231        SH:  0    Dex:  8    Spells: 6/6 levels left

rFire   . . .      SeeInvis .    d - +1 dire flail (protect)
rCold   . . .      Faith    .    (shield currently unavailable)
rNeg    . . .      Spirit   +    b - +0 robe
rPois   .          Reflect  .    (helmet restricted)
rElec   .          Harm     .    (no cloak)
rCorr   .          Rampage  .    (gloves unavailable)
Will    .....                    (boots unavailable)
Stlth   +.........               j - amulet of guardian spirit
HPRegen 0.33/turn                (no ring)
MPRegen 0.10/turn                (no ring)

@: lethally poisoned (-3 -> -28), under a protective aura, slowed, wreathed by
umbra, very slow
A: large, unfitting armour, tough skin 1
a: Renounce Religion, Shadow Step


You were on level 5 of the Dungeon.
You worshipped Dithmenos.
Dithmenos was pleased with you.
You visited 1 branch of the dungeon, and saw 5 of its levels.

You collected 231 gold pieces.

Inventory:

Hand Weapons
 a - a +0 flail
 d - a +1 dire flail of protection (weapon)
 l - the +9 spear "Foxike" {vorpal, rC- rCorr Int+3 Dex+6}
   (You found it on level 3 of the Dungeon)

   It inflicts extra damage upon your enemies.
   Int:       It affects your intelligence (+3).
   Dex:       It affects your dexterity (+6).
   rC:        It makes you vulnerable to cold.
   rCorr:     It protects you from acid and corrosion.
 r - a +0 giant club
Missiles
 q - 16 stones
 w - 3 boomerangs (quivered)
Armour
 b - a +0 robe (worn)
 c - a +0 kite shield
Jewellery
 j - an amulet of guardian spirit (around neck)
Wands
 n - a wand of iceblast (6)
Scrolls
 h - 5 scrolls of teleportation
 i - a scroll of enchant armour {unknown}
 p - a scroll of enchant weapon
 s - a scroll of vulnerability {unknown}
 t - a scroll of fear {unknown}
 u - a scroll of poison {unknown}
Potions
 e - a potion of brilliance
 f - a potion of haste {unknown}
 g - a potion of lignification {unknown}
 o - 2 potions of flight {unknown}
 v - a potion of attraction {unknown}


   Skills:
 + Level 7.0 Fighting
 + Level 4.6 Maces & Flails
 * Level 5.3 Throwing
 - Level 2.6 Dodging
 - Level 3.0 Shields


You had 6 spell levels left.
You didn't know any spells.
Your spell library contained the following spells:

 Spells                   Type           Power      Damage    Failure   Level
 Freeze                   Ice            0%         1d3       38%         1
 Kiss of Death            Conj/Necr      0%         2d5       38%         1
 Confusing Touch          Hex            0%         N/A       77%         3
 Frozen Ramparts          Ice            0%         1d1       77%         3
 Hailstorm                Conj/Ice       0%         3d3       77%         3
 Vhi's Electric Charge    Tloc/Air       0%         N/A       77%         3
 Dispel Undead            Necr           0%         3d6       99%         4
 Arcjolt                  Conj/Air       0%         1d10      100%        5
 Maxwell's Capacitive Co  Air            0%         ∞         100%        8


Dungeon Overview and Level Annotations

Branches:
Dungeon (5/15)             Temple (0/1) D:5

Altars:
Ashenzari
Dithmenos
Elyvilon
Gozag
Yredelemnul


Innate Abilities, Weirdness & Mutations

You are too large for most types of armour.
You have tough skin. (AC +1)


Message History

You barely miss the hornet.
The hornet is lightly wounded.
The hornet closely misses you. The hornet stings you!
You feel as though you will be slow longer.
You puncture the hornet!
Your weapon exudes an aura of protection.
The hornet is heavily wounded.
The hornet stings you!
You suddenly lose the ability to move!
The hornet stings you but does no damage.
The hornet stings you!
You feel as though you will be slow longer.
The hornet barely misses you.
The hornet stings you but does no damage. x2
You can move again.
You puncture the hornet!
The hornet is heavily wounded.
The hornet stings you.
* * * LOW HITPOINT WARNING * * *
You are poisoned.
You shrug off the repeated paralysis!
The hornet barely misses you.
You feel better. The hornet stings you!
* * * LOW HITPOINT WARNING * * *
You feel as though you will be slow longer.
The hornet stings you.
* * * LOW HITPOINT WARNING * * *
You feel as though you will be slow longer.
You hit the hornet but do no damage.
The hornet is heavily wounded.
The hornet stings you!
* * * LOW HITPOINT WARNING * * *
You are lethally poisoned!
You feel as though you will be slow longer.
The hornet stings you.
* * * LOW HITPOINT WARNING * * *
You are more poisoned.
You feel as though you will be slow longer.
The hornet barely misses you.
As you read the scroll of butterflies, it crumbles to dust.
You hear the tinkle of a tiny bell.
You die...

#.............
#.......?.....
#....$........
#.b...<.y.....
+....b........
###...#######+#
####.bb###b.b.)#
....bby#bbb.b..#
....bbb@bb.b...#


..bbbb.#bbbbb..# .....bb#bbbb...# ...bb.b#b......# ..####b###bb...# # .b b....#
.. .....# .. .... You could see a hornet (ally target).

Vanquished Creatures
  Edmund (D:4)
  A black bear (D:4)
  An ogre (D:4)
  A phantom (D:4)
  3 hounds
  2 orc priests (D:3)
  An orc wizard (D:4)
  An iguana (D:5)
  Natasha (thrice) (D:4)
  5 adders
  2 dart slugs
  A worm (D:4)
  13 orcs
  6 ball pythons
  10 endoplasms
  3 giant cockroaches (D:4)
  7 goblins
  12 hobgoblins
  2 quokkas (D:4)
  2 bats
  3 frilled lizards
  8 kobolds
  9 rats
97 creatures vanquished.

Notes
Turn   | Place    | Note
-------+----------+-------------------------------------------
     0 | D:1      | KennySheep the Ogre Fighter began the quest for the Orb.
     0 | D:1      | Reached XP level 1. HP: 24/24 MP: 1/1
   115 | D:1      | Reached XP level 2. HP: 32/32 MP: 2/2
   550 | D:1      | Reached XP level 3. HP: 40/40 MP: 3/3
   938 | D:2      | Reached skill level 1 in Throwing
   938 | D:2      | Reached XP level 4. HP: 43/49 MP: 4/4
  1299 | D:3      | Reached skill level 5 in Fighting
  1543 | D:3      | Identified the +9 spear "Foxike" {vorpal, rC- rCorr Int+3
                  | Dex+6}
  1736 | D:3      | Reached XP level 5. HP: 57/57 MP: 5/5
  2028 | D:3      | Found a faded altar of an unknown god.
  2036 | D:3      | Prayed at the altar of an unknown god.
  2036 | D:3      | Became a worshipper of Dithmenos the Shadowed
  2036 | D:3      | Reached * piety under Dithmenos
  2319 | D:4      | Noticed an ogre
  2336 | D:4      | Noticed Natasha
  2342 | D:4      | Killed Natasha
  2343 | D:4      | Reached XP level 6. HP: 53/67 MP: 6/6
  2739 | D:4      | Reached skill level 6 in Fighting
  2871 | D:4      | Noticed Edmund
  2878 | D:4      | Killed Edmund
  2879 | D:4      | Reached XP level 7. HP: 68/75 MP: 7/7
  2928 | D:4      | Found a basalt altar of Yredelemnul.
  2932 | D:4      | Found a shadowy altar of Dithmenos.
  2933 | D:4      | Noticed Natasha
  2941 | D:4      | Killed Natasha
  2946 | D:4      | Found a white marble altar of Elyvilon.
  2946 | D:4      | Found an opulent altar of Gozag.
  2953 | D:4      | Found a broken altar of Ashenzari.
  3325 | D:4      | Noticed Natasha
  3335 | D:4      | Killed Natasha
  3502 | D:4      | Reached ** piety under Dithmenos
  3580 | D:5      | Entered Level 5 of the Dungeon
  3708 | D:5      | Found a staircase to the Ecumenical Temple.
  3817 | D:5      | Noticed a hornet
  3830 | D:4      | Reached skill level 5 in Throwing
  3859 | D:5      | Reached skill level 7 in Fighting
  3966 | D:5      | Paralysed by a hornet for 3 turns
  3972 | D:5      | Succumbed to a hornet's poison

Illustrated notes

Levels and vault maps discovered:
D:1:      lightli_molten_gateway, layout_rooms, minmay_door_square,
          st_stairs_13, minmay_tetromino_s4
D:2:      layout_rooms
D:3:      layout_loops_corners, shapermc_ecumenical_altar_pompeii,
          grunt_ministairs_12, minmay_between
D:4:      kennysheep_big_flooded_room, layout_layer_cave,
          nicolae_overflow_hallway_of_the_gods, uniq_natasha, uniq_edmund
D:5:      corexii_shantytown, layout_gridville, minmay_temple_entry_overgrown,
          uniq_pikel

Skill      XL: |  1  2  3  4  5  6  7 |
---------------+----------------------+-----
Maces & Flails | 2 3 4 |  4.6
Throwing       | 1 2 3 4 5 |  5.3
Fighting       | 5 6 7 |  7.0
Dodging        | |  2.6
Shields        | |  3.0

Action                   |  1- 3 |  4- 6 |  7- 9 || total
-------------------------+-------+-------+-------++-------
Melee: Flail             |    76 |    42 |       ||   118
       Spear             |       |    78 |       ||    78
       Dire flail        |       |       |    77 ||    77
Throw: Stone             |       |     3 |       ||     3
       Boomerang         |       |       |     1 ||     1
  Use: Potion            |     1 |     2 |     2 ||     5
       Scroll            |       |     3 |     1 ||     4
 Stab: Sleeping          |       |     3 |       ||     3
Armor: Robe              |    18 |    21 |    41 ||    80
Dodge: Dodged            |    29 |    36 |    59 ||   124
Block: Kite shield       |    27 |    35 |       ||    62

Table legend: (Time is in decaauts)
 A = Elapsed time spent in this place.
 B = Non-inter-level travel time spent in this place.
 C = Inter-level travel time spent in this place.
 D = Time resting spent in this place.
 E = Time spent auto-exploring this place.
 F = Levels seen in this place.
 G = Mean time per level.
                   A        B        C        D        E       F      G
               +--------+--------+--------+--------+--------+-----+--------+
         Total |   4051 |   3615 |    436 |     98 |   2792 |   5 |  810.2 |
       Dungeon |   4051 |   3615 |    436 |     98 |   2792 |   5 |  810.2 |
               +--------+--------+--------+--------+--------+-----+--------+

Top non-repeatable levels by time:
     D:3: 1326 daAuts
     D:4: 1100 daAuts
     D:1: 749 daAuts
     D:2: 543 daAuts
     D:5: 333 daAuts
